 Dungeon Crawl Stone Soup version 0.27.1-34-g3ba077fa99 (webtiles) character file.

Game seed: 9131323607646094530

88 ces the Covert (level 4, -4/23 HPs)
             Began as a Spriggan Brigand on Jan 3, 2022.
             Killed from afar by an orc wizard (14 damage)
             ... with a puff of flame
             ... on level 3 of the Dungeon.
             The game lasted 00:02:40 (1919 turns).

ces the Covert (Spriggan Brigand)                   Turns: 1919, Time: 00:02:43

Health: -4/23      AC:  3    Str:  7    XL:     4   Next: 30%
Magic:  5/5        EV: 17    Int: 12    God:
Gold:   113        SH:  0    Dex: 17    Spells: 3/3 levels left

rFire    . . .     SeeInvis +   l - +2 rapier (vamp)
rCold    . . .     Faith    .   (shield restricted)
rNeg     . . .     Spirit   .   b - +0 robe
rPois    .         Reflect  .   (helmet restricted)
rElec    .         Harm     .   c - +0 cloak
rCorr    .         Rampage  .   (gloves unavailable)
Will     .....                  (boots unavailable)
Stlth    ++++......             (no amulet)
HPRegen  0.07/turn              (no ring)
MPRegen  0.09/turn              (no ring)

@: very quick
A: very small, no large weapons, unfitting armour, see invisible, speed 3
a: no special abilities


You were on level 3 of the Dungeon.
You visited 1 branch of the dungeon, and saw 3 of its levels.

You collected 113 gold pieces.

Inventory:

Hand Weapons
 a - a +2 dagger
 l - a +2 vampiric rapier (weapon)
Missiles
 d - 6 poisoned darts
 e - a curare-tipped dart (quivered)
Armour
 b - a +0 robe (worn)
 c - a +0 cloak (worn)
Scrolls
 g - 4 scrolls of teleportation {unknown}
 k - 3 scrolls of identify {unknown}
 n - a scroll of magic mapping {unknown}
 p - a scroll of blinking {unknown}
Potions
 f - 2 potions of haste {unknown}
 h - a potion of lignification {unknown}
 i - a potion of brilliance {unknown}
 j - a potion of invisibility {unknown}
 m - a potion of berserk rage {unknown}
 o - a potion of flight {unknown}
 q - a potion of curing {unknown}


   Skills:
 + Level 1.6 Fighting
 + Level 2.7 Short Blades
 - Level 2.1 Throwing
 + Level 1.8 Dodging
 * Level 8.2 Stealth


You had 3 spell levels left.
You didn't know any spells.
Your spell library contained the following spells:

 Spells                   Type           Power      Damage    Failure   Level
 Blink                    Tloc           N/A        N/A       45%         2
 Static Discharge         Conj/Air       0%         N/A       45%         2
 Lesser Beckoning         Tloc           0%         N/A       69%         3
 Lightning Bolt           Conj/Air       0%         1d11      100%        5
 Manifold Assault         Tloc           0%         N/A       100%        5
 Maxwell's Capacitive Co  Air            0%         ∞         100%        8


Dungeon Overview and Level Annotations

Branches:
Dungeon (3/15)

Altars:


Innate Abilities, Weirdness & Mutations

You are very small and have problems with some larger weapons.
You are too small for most types of armour.
You have supernaturally acute eyesight. (SInv)
You cover ground extremely quickly. (Speed+++)


Message History

Found a scroll labelled EKAINI NUFAG.
You see here a +0 robe.
g - 4 scrolls labelled EKAINI NUFAG (gained 1)
Found 11 gold pieces.
Found 19 bolts.
No target in view!
No target in view!
You now have 113 gold pieces (gained 11).
You see here 19 bolts.
An orc wizard comes into view. It is wielding a +0 dagger.
The orc wizard shouts!
An orc wizard is nearby!
An orc comes into view. It is wielding a +0 whip.
An orc comes into view. It is wielding a +0 club.
The orc wizard mumbles some strange words.
The orc wizard flickers and vanishes for a moment.
An orc comes into view. It is wielding a +0 hand axe.
Found 11 gold pieces.
You closely miss the orc wizard. The orc wizard misses you.
You hit the orc wizard.
The orc wizard is moderately wounded.
The orc closely misses you. The orc wizard misses you.
You hit the orc wizard.
The orc wizard is severely wounded.
The orc closely misses you. The orc hits you with a +0 whip.
The orc wizard barely misses you.
You hit the orc wizard.
You feel better.
The orc wizard is almost dead.
The orc hits you with a +0 hand axe. The orc closely misses you.
The orc wizard points at you and mumbles some strange words.
The magic dart hits you!
You are too injured to fight recklessly!
You miss the orc wizard.
The orc wizard is almost dead.
The orc hits you with a +0 hand axe. The orc barely misses you.
The orc misses you. The orc wizard casts a spell at you.
The puff of flame hits you!
Ouch! That really hurt!
You die...

.....#<....##..... #
#..##............. #.
##>..........[.....
#..####..#...............
.........##..............
.........##..............
........$##..............
.......oo##..............
##.....o@................
#.....o.####.....##.....
#.......# #############
#........# ##########


You could see an orc wizard (invisible) and 3 orcs.

Vanquished Creatures
  2 adders
  A gnoll (D:1)
  3 dart slugs
  3 worms
  3 endoplasms
  2 giant cockroaches (D:2)
  8 goblins
  A hobgoblin (D:2)
  2 quokkas (D:1)
  6 ball pythons
  6 bats
  3 frilled lizards (D:1)
  5 kobolds
  4 rats
49 creatures vanquished.

Notes
Turn   | Place    | Note
-------+----------+-------------------------------------------
     0 | D:1      | ces the Spriggan Brigand began the quest for the Orb.
     0 | D:1      | Reached XP level 1. HP: 10/10 MP: 2/2
   111 | D:1      | Reached skill level 6 in Stealth
   111 | D:1      | Reached XP level 2. HP: 7/14 MP: 3/3
   514 | D:1      | Reached skill level 7 in Stealth
   831 | D:1      | Reached XP level 3. HP: 18/18 MP: 4/4
   915 | D:2      | Found a faded altar of an unknown god.
  1580 | D:2      | Reached XP level 4. HP: 22/22 MP: 5/5
  1674 | D:3      | Reached skill level 8 in Stealth
  1919 | D:3      | Killed from afar by an orc wizard

Illustrated notes

Levels and vault maps discovered:
D:1:      minmay_arrival_hallway, layout_loops_ring
D:2:      layout_basic, ebering_ecumenical_altar_abandoned
D:3:      layout_rooms, chequers_serial_rivers_large_b

Skill      XL: |  1  2  3  4 |
---------------+-------------+-----
Stealth        | 6 7 8 |  8.2
Fighting       | |  1.6
Short Blades   | |  2.7
Throwing       | |  2.1
Dodging        | |  1.8

Action                   |  1- 3 |  4- 6 || total
-------------------------+-------+-------++-------
Melee: Dagger            |    74 |       ||    74
       Rapier            |    16 |    36 ||    52
Throw: Dart              |    10 |       ||    10
 Stab: Sleeping          |    18 |     5 ||    23
Armor: Robe              |    10 |     9 ||    19
Dodge: Dodged            |    56 |    24 ||    80
